 Dungeon Crawl Stone Soup version 0.29-a0-617-g7a6b98fccd (webtiles) character file.

Game seed: 11411821612308607815

82 Kaemin the Shooter (level 4, 0/36 HPs)
             Began as a Minotaur Arcane Marksman on June 18, 2022.
             Was an Initiate of Ashenzari.
             Slain by an orc
             ... wielding a +0 club
              (2 damage)
             ... on level 3 of the Dungeon.
             The game lasted 00:10:34 (2025 turns).

Kaemin the Shooter (Minotaur Arcane Marksman)       Turns: 2025, Time: 00:10:34

Health: 0/36       AC:  7    Str: 14    XL:     4   Next: 21%
Magic:  3/4        EV:  9    Int: 10    God:    Ashenzari [......]
Gold:   126        SH:  0    Dex: 13    Spells: 1/5 levels left

rFire   . . .      SeeInvis .   h - +1 short sword (freeze)
rCold   + . .      Faith    .   (no shield)
rNeg    . . .      Spirit   .   t - +0 scale mail
rPois   .          Reflect  .   (helmet restricted)
rElec   .          Harm     .   k - +0 cloak
rCorr   .          Rampage  .   (no gloves)
Will    .....                   (no boots)
Stlth   ..........              p - amulet of the acrobat
HPRegen 0.12/turn               j - ring of protection from cold
MPRegen 0.09/turn               (no ring)

@: no status effects
A: horns 2, retaliatory headbutt
a: Renounce Religion, Curse Item


You were on level 3 of the Dungeon.
You worshipped Ashenzari.
Ashenzari was noncommittal.
You visited 1 branch of the dungeon, and saw 3 of its levels.

You collected 126 gold pieces.

Inventory:

Hand Weapons
 a - a +0 shortbow
 h - a +1 short sword of freezing (weapon)
Armour
 b - a +0 robe
 k - a +0 cloak (worn)
 n - a +0 ring mail
 t - a +0 scale mail (worn)
Jewellery
 j - a ring of protection from cold (left hand)
 p - an amulet of the acrobat (around neck)
Scrolls
 c - a scroll of vulnerability
 d - a scroll of enchant weapon {unknown}
 e - 2 scrolls of amnesia {unknown}
 f - a scroll of torment {unknown}
 l - a scroll of teleportation {unknown}
 m - a scroll of blinking {unknown}
 q - a scroll of noise {unknown}
 r - 2 scrolls of identify {unknown}
 s - a scroll of magic mapping {unknown}
Potions
 g - a potion of brilliance {unknown}
 o - a potion of might {unknown}


   Skills:
 + Level 1.7 Fighting
 + Level 3.5 Bows
 + Level 0.2 Armour
 + Level 2.6 Dodging
 + Level 1.1 Spellcasting
 + Level 2.5 Hexes


You had one spell level left.
You knew the following spells:

 Your Spells              Type           Power      Damage    Failure   Level
a - Slow                  Hex            20%        N/A       50%         1
b - Inner Flame           Hex/Fire       3%         N/A       95%         3

Your spell library contained the following spells:

 Spells                   Type           Power      Damage    Failure   Level
 Portal Projectile        Hex/Tloc       6%         N/A       95%         3
 Cause Fear               Hex            2%         N/A       99%         4


Dungeon Overview and Level Annotations

Branches:
Dungeon (3/15)

Altars:
Ashenzari


Innate Abilities, Weirdness & Mutations

You have a pair of horns on your head.
You reflexively headbutt those who attack you in melee.


Message History

You clumsily bash the orc but do no damage.
Your headbutt misses the orc. The orc hits you but does no damage.
The orc completely misses you. The orc hits you but does no damage.
You clumsily bash the orc but do no damage.
The orc barely misses you. The orc hits you but does no damage.
You clumsily bash the orc but do no damage.
The orc hits you but does no damage. The orc misses you.
The orc closely misses you. The orc barely misses you.
Your +1 short sword of freezing glows with a cold blue light!
h - a +1 short sword of freezing (weapon)
You hit the orc but do no damage. The orc hits you with a +0 mace.
The orc hits you but does no damage.
You hit the orc but do no damage. Your headbutt misses the orc.
The orc hits you with a +0 mace.
* * * LOW HITPOINT WARNING * * *
The orc closely misses you. x2; The orc hits you but does no damage.
It was a potion of curing.
You feel better. The orc hits you but does no damage.
The orc barely misses you.
You hit the orc. You freeze the orc.
The orc is heavily wounded.
The orc hits you but does no damage. x2
You barely miss the orc.
The orc is heavily wounded.
The orc hits you but does no damage. The orc hits you with a +0 hand axe.
You barely miss the orc. Your punch misses the orc.
The orc is heavily wounded.
The orc hits you but does no damage. The orc hits you with a +0 mace.
* * * LOW HITPOINT WARNING * * *
Your magical contamination has completely faded away.
You hit the orc. You freeze the orc.
You kill the orc!
You closely miss the orc. The orc hits you with a +0 club.
* * * LOW HITPOINT WARNING * * *
The orc misses you.
You hit the orc but do no damage. The orc hits you but does no damage.
The orc hits you with a +0 hand axe.
* * * LOW HITPOINT WARNING * * *
You barely miss the orc. Your headbutt misses the orc.
The orc hits you with a +0 club.
You die...

≈#.#.....#...##
##.##.##.(....#
##........##.... .
#.(..#....##.##. ..
#...##.....#.###
).. ..
###.......### ##
.... ###
#.....#...# .#.....
#
#.....>.#o##.......
#
#..#.....@o........
#
#.###...'######....
# #.......#≈≈≈≈≈# .
# #.####..#≈....#
.. #..#≈....#
#.##≈....# #.#
#####+ #.# .≈.


You could see 2 orcs.

Vanquished Creatures
  3 adders (D:2)
  2 dart slugs (D:1)
  3 orcs (D:3)
  4 ball pythons
  6 bats
  7 endoplasms
  4 giant cockroaches
  4 goblins
  2 quokkas (D:3)
  2 frilled lizards
  5 kobolds
  4 rats
46 creatures vanquished.

Notes
Turn   | Place    | Note
-------+----------+-------------------------------------------
     0 | D:1      | Kaemin the Minotaur Arcane Marksman began the quest for the
                  | Orb.
     0 | D:1      | Reached XP level 1. HP: 16/16 MP: 1/1
    56 | D:1      | Reached XP level 2. HP: 7/23 MP: 2/2
   859 | D:2      | Reached XP level 3. HP: 28/28 MP: 3/3
   904 | D:2      | Found a broken altar of Ashenzari.
   933 | D:2      | Became a worshipper of Ashenzari the Shackled
  1103 | D:2      | Learned a level 3 spell: Inner Flame
  1146 | D:2      | Reached skill level 3 in Bows
  1442 | D:2      | Reached XP level 4. HP: 26/35 MP: 4/4
  1777 | D:3      | Found a faded altar of an unknown god.
  2025 | D:3      | Slain by an orc

Illustrated notes

Levels and vault maps discovered:
D:1:      lordsloth_arrival_two_stooges, layout_basic
D:2:      layout_rooms, basic_altar, kennysheep_potato
D:3:      layout_rooms, grunt_temple_overflow_open, nicolae_uskayaw_suspiria,
          serial_rivers, chequers_serial_rivers_small_3,
          chequers_serial_rivers_marsh, chequers_serial_rivers_large_b,
          chequers_serial_rivers_room_a, chequers_serial_rivers_marsh,
          chequers_serial_rivers_large_a, ebering_ecumenical_altar_rust,
          minmay_misc_feat_cross

Skill      XL: |  1  2  3 |
---------------+----------+-----
Bows           | 3 |  3.5
Fighting       | |  1.7
Armour         | |  0.2
Dodging        | |  2.6
Spellcasting   | |  1.1
Hexes          | |  2.5

Action                   |  1- 3 |  4- 6 || total
-------------------------+-------+-------++-------
Melee: Shortbow          |    21 |     6 ||    27
       Headbutt          |     3 |       ||     3
       Short sword       |       |     9 ||     9
 Fire: Shortbow          |    92 |    24 ||   116
 Cast: Slow              |     9 |       ||     9
  Use: Potion            |     1 |     1 ||     2
Armor: Robe              |    28 |       ||    28
       Ring mail         |     2 |     5 ||     7
       Scale mail        |       |    16 ||    16
Dodge: Dodged            |    66 |    20 ||    86

Table legend: (Time is in decaauts)
 A = Elapsed time spent in this place.
 B = Non-inter-level travel time spent in this place.
 C = Inter-level travel time spent in this place.
 D = Time resting spent in this place.
 E = Time spent auto-exploring this place.
 F = Levels seen in this place.
 G = Mean time per level.
                   A        B        C        D        E       F      G
               +--------+--------+--------+--------+--------+-----+--------+
         Total |   2091 |   1754 |    337 |    183 |   1014 |   3 |  697.0 |
       Dungeon |   2091 |   1754 |    337 |    183 |   1014 |   3 |  697.0 |
               +--------+--------+--------+--------+--------+-----+--------+

Top non-repeatable levels by time:
     D:2: 958 daAuts
     D:1: 848 daAuts
     D:3: 284 daAuts
